 Dungeon Crawl Stone Soup version 0.22.0-49-gab54619674 (webtiles) character file.

68 JedernureinKreuz the Conjurer (level 4, -4/32 HPs)
             Began as a Gnoll Conjurer on Sept 9, 2018.
             Slain by a gnoll (6 damage)
             ... on level 1 of the Dungeon.
             The game lasted 00:04:22 (603 turns).

JedernureinKreuz the Conjurer (Gnoll Conjurer)       Turns: 603, Time: 00:04:23

Health: -4/32      AC:  4    Str: 10    XL:     4   Next: 19%
Magic:  3/11       EV: 14    Int: 19    God:
Gold:   57         SH:  0    Dex: 15    Spells: 12/13 levels left

rFire    . . .     SeeInvis .   s - +1 dagger (venom)
rCold    . . .     Gourm    .   (no shield)
rNeg     . . .     Faith    .   j - +0 leather armour
rPois    .         Spirit   .   (no helmet)
rElec    .         Reflect  .   (no cloak)
rCorr    .         Harm     .   (no gloves)
MR       .....                  t - +0 pair of boots
Stlth    ++........             (no amulet)
HPRegen  0.10/turn              (no ring)
MPRegen  0.12/turn              (no ring)

@: no status effects
A: distributed training, fangs 1, strong nose
a: no special abilities


You were on level 1 of the Dungeon.
You were not hungry.

You visited 1 branch of the dungeon, and saw 2 of its levels.

You collected 57 gold pieces.

Inventory:

Hand Weapons
 f - a +0 club
 s - a +1 dagger of venom (weapon)
Missiles
 h - 35 stones (quivered)
 i - 81 arrows
 n - 46 bolts
 q - 20 sling bullets
Armour
 a - a +0 robe
 d - a +0 robe
 j - a +0 leather armour (worn)
 t - a +0 pair of boots (worn)
 v - a +0 helmet
Scrolls
 e - 2 scrolls of teleportation {unknown}
 l - a scroll of fog {unknown}
 m - a scroll of identify {unknown}
 o - a scroll of remove curse {unknown}
 r - a scroll of enchant weapon {unknown}
Potions
 b - a potion of curing {unknown}
 g - a potion of lignification {unknown}
 k - a potion of agility {unknown}
 p - 2 potions of flight {unknown}
 u - a potion of haste {unknown}
Comestibles
 c - a ration


   Skills:
 + Level 1.0 Fighting
 + Level 1.0 Short Blades
 + Level 1.0 Long Blades
 + Level 1.0 Axes
 + Level 1.0 Maces & Flails
 + Level 1.0 Polearms
 + Level 1.0 Staves
 + Level 1.0 Slings
 + Level 1.0 Bows
 + Level 1.0 Crossbows
 + Level 1.0 Throwing
 + Level 1.0 Armour
 + Level 4.6 Dodging
 + Level 4.2 Stealth
 + Level 1.0 Shields
 + Level 1.0 Unarmed Combat
 + Level 5.0 Spellcasting
 + Level 7.1 Conjurations
 + Level 0.8 Hexes
 + Level 0.8 Charms
 + Level 0.8 Summonings
 + Level 0.8 Necromancy
 + Level 0.8 Translocations
 + Level 0.8 Transmutations
 + Level 0.8 Fire Magic
 + Level 0.8 Ice Magic
 + Level 0.8 Air Magic
 + Level 0.8 Earth Magic
 + Level 0.8 Poison Magic
 + Level 1.1 Invocations
 + Level 1.0 Evocations


You had 12 spell levels left.
You knew the following spells:

 Your Spells              Type           Power        Failure   Level  Hunger
a - Magic Dart            Conj           ####         1%          1    None

Your spell library contained the following spells:

 Spells                   Type           Power        Failure   Level  Hunger
 Searing Ray              Conj           ####..       1%          2    #......
 Iskenderun's Mystic Bla  Conj           ####....     9%          4    ####...
 Dazzling Spray           Conj/Hex       ###...       10%         3    ##.....
 Force Lance              Conj/Tloc      ###.....     32%         4    ####...
 Fulminant Prism          Conj/Hex       ###.......   32%         4    ####...


Dungeon Overview and Level Annotations

Branches:
Dungeon (2/15)

Altars:
Okawaru

Annotations:
D:2 Terence


Innate Abilities, Weirdness & Mutations

Your experience applies equally to all skills.
You have very sharp teeth.
Your uncanny sense of smell can sniff out nearby items.


Message History

The gnoll shaman is heavily wounded.
The gnoll shaman hits you with a whip.
The gnoll shaman looks more healthy.
The gnoll shaman utters an invocation to its god.
The gnoll shaman is healed somewhat.
The gnoll hits you.
* * * LOW HITPOINT WARNING * * *
The gnoll misses you.
The gnoll shaman prays to its god.
The gnoll shaman is healed somewhat.
The gnoll closely misses you.
There is a stone staircase leading up here.
The gnoll hits you.
* * * LOW HITPOINT WARNING * * *
You climb upwards.
There is a stone staircase leading down here.
You barely miss the gnoll. The gnoll hits you.
* * * LOW HITPOINT WARNING * * *
The gnoll hits you.
You die...

#.....#######.....######
#.................##...#
####.................##...##
#..#........................
#....................###.###
#.##.................###.#
#####.####...............##..#
#.....###......g.........#...###
##.##...##......@..##.........##.
##.###..#.....#####...######.###.
...###..#.#...######...### #.....
#...##.......##§§§§###...###..##.
##..##......###.≈≈§#####.##..###.
#...#..#...'.'.≈≈.'.#........##.
##.#.#......'.'.≈≈.'<#........##.
#....#......###.≈≈.###........#..
#............##....##...........#


You could see a gnoll.

Vanquished Creatures
  4 gnolls
  An adder (D:2)
  3 giant cockroaches
  5 hobgoblins (D:1)
  A bat (D:1)
  3 goblins
  3 kobolds
  A rat (D:1)
21 creatures vanquished.

Notes
Turn   | Place    | Note
-------+----------+-------------------------------------------
     0 | D:1      | JedernureinKreuz the Gnoll Conjurer began the quest for the
                  | Orb.
     0 | D:1      | Reached XP level 1. HP: 13/13 MP: 6/6
   154 | D:1      | Reached XP level 2. HP: 19/19 MP: 2/7
   361 | D:1      | Reached XP level 3. HP: 25/25 MP: 6/9
   440 | D:2      | Noticed Terence
   465 | D:2      | Reached skill level 5 in Spellcasting
   477 | D:2      | Found an iron altar of Okawaru.
   536 | D:2      | Reached skill level 1 in Invocations
   542 | D:2      | Reached skill level 1 in Fighting
   542 | D:2      | Reached skill level 1 in Short Blades
   542 | D:2      | Reached skill level 1 in Long Blades
   542 | D:2      | Reached skill level 1 in Axes
   542 | D:2      | Reached skill level 1 in Maces & Flails
   542 | D:2      | Reached skill level 1 in Polearms
   542 | D:2      | Reached skill level 1 in Staves
   542 | D:2      | Reached skill level 1 in Slings
   542 | D:2      | Reached skill level 1 in Bows
   542 | D:2      | Reached skill level 1 in Crossbows
   542 | D:2      | Reached skill level 1 in Throwing
   542 | D:2      | Reached skill level 1 in Armour
   542 | D:2      | Reached skill level 1 in Shields
   542 | D:2      | Reached skill level 1 in Unarmed Combat
   542 | D:2      | Reached skill level 1 in Evocations
   542 | D:2      | Reached XP level 4. HP: 31/32 MP: 1/11
   603 | D:1      | Slain by a gnoll

Skill      XL: |  1  2  3 |
---------------+----------+-----
Spellcasting   | 5 |  5.0
Invocations    | 1 |  1.1
Fighting       | 1 |  1.0
Short Blades   | 1 |  1.0
Long Blades    | 1 |  1.0
Axes           | 1 |  1.0
Maces & Flails | 1 |  1.0
Polearms       | 1 |  1.0
Staves         | 1 |  1.0
Slings         | 1 |  1.0
Bows           | 1 |  1.0
Crossbows      | 1 |  1.0
Throwing       | 1 |  1.0
Armour         | 1 |  1.0
Shields        | 1 |  1.0
Unarmed Combat | 1 |  1.0
Evocations     | 1 |  1.0
Dodging        | |  4.6
Stealth        | |  4.2
Conjurations   | |  7.1
Hexes          | |  0.8
Charms         | |  0.8
Summonings     | |  0.8
Necromancy     | |  0.8
Translocations | |  0.8
Transmutations | |  0.8
Fire Magic     | |  0.8
Ice Magic      | |  0.8
Air Magic      | |  0.8
Earth Magic    | |  0.8
Poison Magic   | |  0.8

Action                   |  1- 3 |  4- 6 || total
-------------------------+-------+-------++-------
Melee: Club              |     2 |       ||     2
       Dagger            |     4 |     5 ||     9
 Cast: Magic Dart        |    42 |     6 ||    48
Armor: Leather armour    |     4 |     1 ||     5
Dodge: Dodged            |     7 |     4 ||    11
